 Dungeon Crawl Stone Soup version 0.20.1-1-g8b1a95d (webtiles) character file.

7455 Linguinho the Covert (level 10, -1/70 HPs)
             Began as a Demonspawn Fighter on Nov 13, 2017.
             Was a Believer of Dithmenos.
             Slain by a six-headed hydra (10 damage)
             ... on level 9 of the Dungeon.
             The game lasted 00:33:05 (14987 turns).

Linguinho the Covert (Demonspawn Fighter)          Turns: 14987, Time: 00:33:06

Health: -1/70      AC:  8    Str: 16    XL:     10   Next: 94%
Magic:  0/10       EV: 16    Int: 10    God:    Dithmenos [**....]
Gold:   244        SH:  0    Dex: 20    Spells: 9/9 levels left

rFire    + . .     SeeInvis .   M - +2 dagger (venom)
rCold    + . .     Gourm    .   (no shield)
rNeg     . . .     Faith    .   C - +1 leather armour {rC+}
rPois    .         Spirit   +   I - +0 helmet
rElec    .         Reflect  .   v - +0 cloak (curse)
rCorr    .         Harm     .   (no gloves)
MR       .....                  (no boots)
Stlth    +++++++...             (no amulet)
Regen    0.3/turn               e - ring of protection from fire
MPRegen  0.3/turn               i - +2 ring of protection

@: wreathed by umbra
A: thin skeletal structure 2, magic shield, magic regeneration
a: Shadow Step, Renounce Religion


You were on level 9 of the Dungeon.
You worshipped Dithmenos.
Dithmenos was pleased with you.
You were hungry.

You visited 3 branches of the dungeon, and saw 11 of its levels.

You collected 552 gold pieces.
You spent 308 gold pieces at shops.

Inventory:

Hand Weapons
 a - a +0 war axe
 g - a +2 dagger of distortion
 M - a +2 dagger of venom (weapon)
Missiles
 d - 6 javelins (quivered)
Armour
 s - a scarf of spirit shield
 v - a cursed +0 cloak (worn)
 C - a +1 leather armour of cold resistance (worn)
 I - a +0 helmet (worn)
Jewellery
 e - a ring of protection from fire (left hand)
 i - a +2 ring of protection (right hand)
 R - an uncursed ring of protection from magic {unknown}
Wands
 c - a wand of disintegration (7/24)
 y - a wand of iceblast (9/15)
 D - a wand of paralysis (18/24)
 E - a wand of polymorph (8/24)
 P - a wand of iceblast (8/15)
 T - a wand of acid (6/15)
Scrolls
 j - 3 scrolls of fog
 l - 2 scrolls of remove curse
 p - 2 scrolls of enchant weapon {unknown}
 w - 4 scrolls of magic mapping
 x - a scroll of random uselessness {unknown}
 z - 2 scrolls of amnesia
 A - a scroll of noise {unknown}
 G - 3 scrolls of blinking {unknown}
 H - a scroll of fear {unknown}
 J - 2 scrolls of identify
 L - 2 scrolls of teleportation
 O - 2 scrolls of brand weapon
Potions
 k - 4 potions of lignification
 m - a potion of magic
 o - 3 potions of agility
 u - a potion of degeneration
 B - 3 potions of curing
 K - 2 potions of invisibility
 N - a potion of resistance
Books
 n - a book of Necromancy

   Spells                             Type                      Level
   a - Pain                           Necromancy                   1
   b - Animate Skeleton               Necromancy                   1
   c - Vampiric Draining              Necromancy                   3
   d - Regeneration                   Charms/Necromancy            3
   e - Animate Dead                   Necromancy                   4
   f - Control Undead                 Necromancy                   4
 F - a book of Changes

   Spells                             Type                      Level
   a - Beastly Appendage              Transmutation                1
   b - Sticks to Snakes               Transmutation                2
   c - Spider Form                    Transmutation/Poison         3
   d - Ice Form                       Ice/Transmutation            4
   e - Blade Hands                    Transmutation                5
 Q - a book of Geomancy

   Spells                             Type                      Level
   a - Sandblast                      Earth                        1
   b - Passwall                       Transmutation/Earth          2
   c - Stone Arrow                    Conjuration/Earth            3
   d - Petrify                        Transmutation/Earth          4
   e - Lee's Rapid Deconstruction     Earth                        5
Comestibles
 f - 2 bread rations
 q - 9 fruits
 r - 5 meat rations
 t - 3 royal jellies


   Skills:
 - Level 3.2 Fighting
 * Level 10.2 Short Blades
 - Level 1.8 Axes
 + Level 1.0 Throwing
 - Level 3.0 Armour
 + Level 6.0 Dodging
 * Level 10.3 Stealth
   Level 2.7 Shields


You had 9 spell levels left.
You didn't know any spells.

Dungeon Overview and Level Annotations

Branches:
Dungeon (9/15)             Temple (1/1) D:6            Lair (1/6) D:8
    Orc: D:9-12

Altars:
Ashenzari
Cheibriados
Dithmenos
Elyvilon
Fedhas
Hepliaklqana
Kikubaaqudgha
Makhleb
Nemelex Xobeh
Okawaru
Qazlal
Ru
Sif Muna
Trog
Uskayaw
Xom
Yredelemnul
Zin
The Shining One

Shops:
D:8 ?


Innate Abilities, Weirdness & Mutations

You have a moderately thin skeletal structure. (Dex +4, Stealth+)
When hurt, damage is shared between your health and your magic reserves.
You regenerate magic rapidly.


Message History

There is an open door here.
Press: ? - help, v - describe, . - travel The floor.
The six-headed hydra barely misses you. x2; The six-headed hydra bites you! x2
The six-headed hydra bites you but does no damage.
The six-headed hydra bites you!
You barely miss the six-headed hydra.
Unknown command.
There is an open door here.
The six-headed hydra bites you! The six-headed hydra misses you.
The six-headed hydra bites you! The six-headed hydra misses you.
The six-headed hydra bites you!
* * * LOW HITPOINT WARNING * * *
The six-headed hydra bites you!
* * * LOW HITPOINT WARNING * * *
There is an open door, spattered with blood here.
The six-headed hydra misses you.
The six-headed hydra completely misses you.
The six-headed hydra bites you!
You die...

#.# #.# ##+######.#
#.......#.# #.......#.#
#.......#.####
#............+
##'######.#.## #.# #@#.#
#.# #D#.########## #.#
#.#.[........ .
###'######.####...##.# #
#.......##.#.......#.# #
#[......##.'.........# #
#.......####.........# #
###'########.........#.####
#>..........†......#.....


You could see a six-headed hydra.

Vanquished Creatures
  Pikel (D:7)
  Psyche (D:8)
  2 spiny frogs
  2 trolls (D:9)
  Prince Ribbit (D:7)
  A hippogriff (D:8)
  Sigmund (D:4)
  A basilisk (D:8)
  A wyvern (Lair:1)
  8 yaks
  The ghost of Linguinho the Skirmisher, an amateur DsFi (D:3)
  A hungry ghost (D:7)
  Grum (Lair:1)
  Edmund (D:5)
  2 porcupines
  2 ice beasts
  A slave (D:7)
  A phantom (D:6)
  2 wolves (Lair:1)
  2 ogres
  A centaur (Lair:1)
  10 crocodiles
  Blork the orc (D:4)
  4 bullfrogs
  2 scorpions (D:8)
  A water moccasin skeleton (D:7)
  3 wights (D:6)
  2 bullfrog zombies
  4 crimson imps
  2 hounds
  An orc priest (D:3)
  2 centaur skeletons (D:8)
  2 jellies
  3 orc wizards
  Ijyb (D:5)
  3 iguanas
  4 worker ants
  A hound skeleton (D:6)
  A worker ant zombie (D:8)
  10 adders
  4 shadow imps
  An ooze (D:2)
  3 adder skeletons
  4 worms
  13 dart slugs
  5 leopard geckos
  15 orcs
  9 bats
  5 giant cockroaches
  7 goblins
  9 hobgoblins
  4 jackals
  5 quokkas
  4 frilled lizards
  7 kobolds
  A leopard gecko skeleton (D:4)
  2 quokka skeletons
  6 rats
195 creatures vanquished.

Vanquished Creatures (others)
  2 slaves (D:7)
  A centaur (D:7)
  A bullfrog (D:7)
  A wyvern skeleton (D:7)
  A worker ant (D:7)
  A worker ant zombie (D:7)
  An adder (D:7)
  A fungus (D:8)
  2 plants (D:8)
11 creatures vanquished.

Grand Total: 206 creatures vanquished

Notes
Turn   | Place    | Note
-------+----------+-------------------------------------------
     0 | D:1      | Linguinho the Demonspawn Fighter began the quest for the Orb.
     0 | D:1      | Reached XP level 1. HP: 18/18 MP: 1/1
    99 | D:1      | Gained mutation: You have a somewhat thin skeletal structure. (Dex +2, Stealth) [demonic ancestry]
    99 | D:1      | Reached XP level 2. HP: 24/24 MP: 2/2
   264 | D:1      | Reached skill level 1 in Stealth
   482 | D:1      | Gained mutation: You have a moderately thin skeletal structure. (Dex +4, Stealth+) [demonic ancestry]
   482 | D:1      | Reached XP level 3. HP: 20/29 MP: 3/3
   567 | D:1      | Reached skill level 1 in Short Blades
  1051 | D:2      | Gained mutation: When hurt, damage is shared between your health and your magic reserves. [demonic ancestry]
  1051 | D:2      | Reached XP level 4. HP: 23/35 MP: 1/4
  1282 | D:2      | Reached skill level 1 in Dodging
  2300 | D:3      | Noticed Linguinho's ghost (amateur DsFi)
  2622 | D:3      | Reached XP level 5. HP: 38/41 MP: 3/5
  3676 | D:3      | Found a glowing silver altar of Zin.
  3677 | D:3      | Noticed an angel
  4075 | D:4      | Noticed Sigmund
  4087 | D:4      | Killed Sigmund
  4087 | D:4      | Gained mutation: You regenerate magic rapidly. [demonic ancestry]
  4087 | D:4      | Reached XP level 6. HP: 23/47 MP: 2/6
  4283 | D:4      | Noticed Blork the orc
  4445 | D:4      | Killed Blork the orc
  4503 | D:4      | HP: 3/70 [poisoned by an adder]
  4510 | D:4      | HP: 2/70 [poisoned by an adder]
  4515 | D:4      | HP: 2/70 [poisoned by an adder]
  4915 | D:4      | Found a shadowy altar of Dithmenos.
  4918 | D:4      | Became a worshipper of Dithmenos the Shadowed
  5347 | D:5      | Entered Level 5 of the Dungeon
  5347 | D:5      | Noticed Ijyb
  5348 | D:5      | Noticed Edmund
  5399 | D:5      | Reached XP level 7. HP: 51/52 MP: 7/7
  5421 | D:5      | Reached skill level 5 in Stealth
  5475 | D:5      | Killed Ijyb
  5813 | D:5      | Killed Edmund
  6428 | D:3      | Reached * piety under Dithmenos
  7187 | D:3      | HP: 2/52 [Linguinho's ghost (13)]
  7477 | D:3      | Killed Linguinho's ghost
  7698 | D:6      | Found a sparkling altar of Nemelex Xobeh.
  7718 | D:6      | Reached XP level 8. HP: 58/58 MP: 8/8
  7793 | D:6      | Reached skill level 5 in Short Blades
  8212 | D:6      | Found a snail-covered altar of Cheibriados.
  8816 | D:6      | Found a staircase to the Ecumenical Temple.
  8922 | Temple   | Entered the Ecumenical Temple
  9226 | D:7      | Noticed Pikel
  9249 | D:7      | Killed Pikel
  9249 | D:7      | Reached XP level 9. HP: 48/64 MP: 7/9
  9726 | D:7      | Noticed Prince Ribbit
  9755 | D:7      | Killed Prince Ribbit
 11087 | D:7      | Reached skill level 1 in Throwing
 11100 | D:8      | Found a staircase to the Lair.
 11126 | D:8      | Found a glowing golden altar of the Shining One.
 11529 | D:8      | Noticed Psyche
 11536 | D:8      | Killed Psyche
 11566 | D:8      | Found Seorapu's Magic Scroll Boutique.
 11567 | D:8      | Reached skill level 5 in Dodging
 11575 | D:8      | Bought a scroll of identify for 22 gold pieces
 11575 | D:8      | Bought a scroll of brand weapon for 220 gold pieces
 11575 | D:8      | Bought a scroll of identify for 22 gold pieces
 11575 | D:8      | Bought a scroll of identify for 22 gold pieces
 11575 | D:8      | Bought a scroll of fog for 22 gold pieces
 12030 | D:8      | Reached XP level 10. HP: 67/70 MP: 10/10
 12860 | D:8      | Reached ** piety under Dithmenos
 12998 | Lair:1   | Entered Level 1 of the Lair of Beasts
 13389 | Lair:1   | Noticed a spiny frog
 13520 | D:8      | HP: 5/157 [spiny frog (11)]
 13522 | D:8      | Killed a spiny frog
 13872 | Lair:1   | Reached skill level 10 in Stealth
 14001 | Lair:1   | Noticed a spiny frog
 14007 | Lair:1   | Killed a spiny frog
 14018 | Lair:1   | Noticed Grum
 14037 | Lair:1   | Reached skill level 10 in Short Blades
 14073 | Lair:1   | Killed Grum
 14260 | Lair:1   | HP: 2/70 [blink frog (7)]
 14554 | D:9      | Found a shattered altar of Ashenzari.
 14949 | D:9      | Noticed a six-headed hydra
 14987 | D:9      | Slain by a six-headed hydra

Skill      XL: |  1  2  3  4  5  6  7  8  9 10 |
---------------+-------------------------------+-----
Armour         | 3 |  3.0
Stealth        | 1 2 4 6 7 9 10 | 10.3
Short Blades   | 1 2 3 4 6 8 10 | 10.2
Dodging        | 1 2 3 4 5 6 |  6.0
Throwing       | 1 |  1.0
Fighting       | |  3.2
Axes           | |  1.8
Shields        | |  2.7

Action                   |  1- 3 |  4- 6 |  7- 9 | 10-12 || total
-------------------------+-------+-------+-------+-------++-------
Melee: War axe           |    94 |   137 |    22 |       ||   253
       Dagger            |       |    38 |   482 |   352 ||   872
Throw: Javelin           |       |       |     5 |       ||     5
  Use: Scroll            |       |     1 |    10 |     2 ||    13
       Potion            |       |     2 |     6 |     4 ||    12
 Stab: Sleeping          |     2 |    10 |    16 |     8 ||    36
       Distracted        |       |     1 |     3 |     2 ||     6
  Eat: Chunk             |       |     9 |    12 |     5 ||    26
       Meat ration       |       |     1 |       |       ||     1
       Bread ration      |       |       |     2 |     1 ||     3
Armor: Scale mail        |    46 |       |       |       ||    46
       Leather armour    |       |    30 |    63 |    40 ||   133
       Skin              |       |     3 |       |     2 ||     5
Dodge: Dodged            |    23 |    68 |   255 |   160 ||   506
Block: Shield            |    51 |    70 |       |       ||   121
